 Dungeon Crawl Stone Soup version 0.29.1-12-g30fa7ad0bf (webtiles) character file.

Game seed: 8522084024814739948

63 MisterFreud the Twirler (level 4, -2/33 HPs)
             Began as a Formicid Gladiator on Dec 28, 2022.
             Succumbed to a goblin's poison
             ... on level 3 of the Dungeon.
             The game lasted 00:01:16 (1715 turns).

MisterFreud the Twirler (Formicid Gladiator)        Turns: 1715, Time: 00:01:17

Health: -2/33      AC:  3    Str: 20    XL:     4   Next: 30%
Magic:  4/4        EV: 12    Int:  8    God:
Gold:   57         SH:  0    Dex: 15    Spells: 3/3 levels left

rFire   . . .      SeeInvis +   a - +0 quarterstaff
rCold   . . .      Faith    .   (no shield)
rNeg    . . .      Spirit   .   b - +0 leather armour
rPois   .          Reflect  .   (helmet unavailable)
rElec   .          Harm     .   (no cloak)
rCorr   +          Rampage  .   (no gloves)
Will    .....                   (no boots)
Stlth   +.........              (no amulet)
HPRegen 0.11/turn               f - ring of resist corrosion
MPRegen 0.09/turn               (no ring)

@: lethally poisoned (-2 -> -16)
A: permanent stasis, dig shafts and tunnels, antennae 3, four strong arms
a: Dig, Shaft Self


You were on level 3 of the Dungeon.
You visited 1 branch of the dungeon, and saw 3 of its levels.

You collected 57 gold pieces.

Inventory:

Hand Weapons
 a - a +0 quarterstaff (weapon)
Missiles
 c - 3 throwing nets (quivered)
 d - a javelin
Armour
 b - a +0 leather armour (worn)
Jewellery
 f - a ring of resist corrosion (left hand)
Scrolls
 e - a scroll of enchant armour {unknown}
 k - a scroll of teleportation {unknown}
 l - a scroll of magic mapping {unknown}
Potions
 g - a potion of curing {unknown}
 h - a potion of flight {unknown}
 i - a potion of heal wounds {unknown}
 j - a potion of attraction {unknown}


   Skills:
 - Level 2.1 Fighting
 + Level 4.8 Staves
 - Level 2.0 Throwing
 - Level 2.6 Dodging


You had 3 spell levels left.
You didn't know any spells.
Your spell library contained the following spells:

 Spells                   Type           Power      Damage    Failure   Level
 Slow                     Hex            0%         N/A       45%         1
 Sublimation of Blood     Necr           0%         N/A       61%         2
 Wereblood                Tmut           0%         N/A       61%         2
 Confusing Touch          Hex            0%         N/A       83%         3
 Frozen Ramparts          Ice            0%         1d1       83%         3
 Vampiric Draining        Necr           0%         2d6       83%         3
 Ice Form                 Ice/Tmut       0%         N/A       99%         4
 Summon Ice Beast         Ice/Summ       0%         N/A       99%         4
 Summon Hydra             Summ           0%         N/A       100%        7


Dungeon Overview and Level Annotations

Branches:
Dungeon (3/15)

Altars:


Innate Abilities, Weirdness & Mutations

You cannot be hasted, slowed, berserked, paralysed or teleported.
You can dig through walls and to a lower floor.
You have a pair of large antennae on your head. (SInv)
Your four strong arms can wield two-handed weapons with a shield.


Message History

The kobold hits you with a +0 short sword.
You are too injured to fight recklessly!
You completely miss the kobold.
The kobold hits you with a +0 short sword.
You are too injured to fight recklessly!
You barely miss the kobold. The kobold barely misses you.
You barely miss the kobold. The kobold closely misses you.
A giant cockroach comes into view.
You are too injured to fight recklessly!
You closely miss the kobold.
The kobold hits you with a +0 short sword.
* * * LOW HITPOINT WARNING * * *
You are too injured to fight recklessly!
You thump the kobold!
You kill the kobold!
You are too injured to fight recklessly!
Things that are here:
a +0 short sword; 5 stones; a kobold corpse You thump the giant cockroach!
You kill the giant cockroach!
You start resting.
A goblin comes into view. It is wielding a +1 dagger of venom.
A goblin is nearby!
Things that are here:
a +0 short sword; 5 stones; a kobold corpse The goblin shouts!
You see here 10 gold pieces.
The goblin hits you with a +1 dagger of venom.
* * * LOW HITPOINT WARNING * * *
You are lethally poisoned!
* * * LOW HITPOINT WARNING * * *
You feel very sick.
The goblin hits you with a +1 dagger of venom.
* * * LOW HITPOINT WARNING * * *
You are more poisoned.
You hit the goblin.
You kill the goblin!
* * * LOW HITPOINT WARNING * * *
You feel very sick.
You die...

## ## g .. #.
#.##. .# #
#.#.. ..# #.
#...## #...
###.##.#..###..
.......#...#.#
.........@..#
...##).)...#
###>..$..####
#...........#
#........##.#
####.....# #
#.....####.#
####..# #.#
####..# #.#


There were no monsters in sight!

Vanquished Creatures
  Terence (D:2)
  A worm (D:2)
  2 dart slugs
  A ball python (D:2)
  2 giant cockroaches
  4 hobgoblins
  3 jackals (D:2)
  A quokka (D:3)
  A bat (D:1)
  3 frilled lizards
  6 goblins
  A kobold (D:3)
  A rat (D:3)
27 creatures vanquished.

Notes
Turn   | Place    | Note
-------+----------+-------------------------------------------
     0 | D:1      | MisterFreud the Formicid Gladiator began the quest for the
                  | Orb.
     0 | D:1      | Reached XP level 1. HP: 16/16 MP: 1/1
    51 | D:1      | Reached XP level 2. HP: 22/22 MP: 2/2
   982 | D:2      | Reached skill level 4 in Staves
   982 | D:2      | Reached XP level 3. HP: 24/27 MP: 3/3
  1186 | D:2      | Noticed Terence
  1196 | D:2      | Killed Terence
  1197 | D:2      | Reached XP level 4. HP: 12/33 MP: 4/4
  1429 | D:2      | Identified the +7 hand axe of Wyrd {antimagic, rF- rCorr
                  | Dex+3}
  1714 | D:3      | HP: 1/33 [poisoned by a goblin]
  1715 | D:3      | Succumbed to a goblin's poison

Illustrated notes

Levels and vault maps discovered:
D:1:      co_arrival_square_in_a_square_in_a_square, layout_basic
D:2:      layout_loops_cross, dreamdust_princess_bridge, uniq_terence
D:3:      layout_loops_ring, trog_book, shapermc_ecumenical_altar_petra,
          uniq_jessica

Skill      XL: |  1  2 |
---------------+-------+-----
Staves         | 4 |  4.8
Fighting       | |  2.1
Throwing       | |  2.0
Dodging        | |  2.6

Action                   |  1- 3 |  4- 6 || total
-------------------------+-------+-------++-------
Melee: Quarterstaff      |    61 |    27 ||    88
  Use: Scroll            |     2 |       ||     2
Armor: Leather armour    |    11 |     4 ||    15
Dodge: Dodged            |    33 |     7 ||    40
